AoeStats
← GDL El Pinguino

QS Arena

503273455Analyzed
1v1 RM · 1mo ago on Aug 30, 2026· 26m 43s· 2 players
Game mode
Random Map
Map size
Tiny (2 player)
Population
200
Speed
Normal
Resources
Standard
Victory
Conquest
Starting age
Dark Age
Ending age
Imperial Age
RankedLock teamsTeams togetherTeam positionsShared explorationLock speedFull tech treeHidden civsTurbo modeCheats
Victory
Defeat
🇲🇽 Spanish · Mexico
1665
+13
🇺🇸 Bohemians · United States
1610
-13
JimothyB
7:59 Feudal Age
11:35 Castle Age
9:44 Horse Collar
10:24 Double-Bit Axe
14:23 Loom
22:08 Bow Saw
22:15 Fletching
24:00 Bodkin Arrow
29:22 Imperial Age
27:56 Wheelbarrow
GDL El Pinguino
8:29 Feudal Age
11:59 Castle Age
10:14 Double-Bit Axe
12:40 Horse Collar
17:00 Loom
19:06 Wheelbarrow
19:29 Devotion
26:37 Imperial Age
25:17 Padded Archer Armor
26:13 Bow Saw
26:04 Heavy Plow
26:16 Fletching
28:20 Chemistry
27:42 Conscription
Connection lost

Rejoining the realm…

Still unreachable

The connection could not be restored.

Session expired

The server has moved on; the page needs a fresh start.